 Dungeon Crawl Stone Soup version 0.29-a0-283-ga02f740833 (webtiles) character file.

Game seed: 6592922130936100500

57 horus123 the Magician (level 3, 0/19 HPs)
             Began as a Deep Elf Conjurer on Mar 13, 2022.
             Slain by a goblin
             ... wielding a +0 club
             ... led by Robin
              (6 damage)
             ... on level 2 of the Dungeon.
             The game lasted 00:02:58 (1385 turns).

horus123 the Magician (Deep Elf Conjurer)           Turns: 1385, Time: 00:02:58

Health: 0/19       AC:  3    Str:  4    XL:     3   Next: 73%
Magic:  1/12       EV: 12    Int: 24    God:
Gold:   96         SH:  0    Dex: 13    Spells: 10/13 levels left

rFire   . . .      SeeInvis .   (no weapon)
rCold   . . .      Faith    .   (no shield)
rNeg    + . .      Spirit   .   a - +0 robe
rPois   .          Reflect  .   (no helmet)
rElec   .          Harm     .   e - +0 cloak
rCorr   .          Rampage  .   (no gloves)
Will    .....                   (no boots)
Stlth   ++........              (no amulet)
HPRegen 0.06/turn               k - ring of positive energy
MPRegen 0.13/turn               (no ring)

@: no status effects
A: no striking features
a: no special abilities


You were on level 2 of the Dungeon.
You visited 1 branch of the dungeon, and saw 2 of its levels.

You collected 96 gold pieces.

Inventory:

Armour
 a - a +0 robe (worn)
 e - a +0 cloak (worn)
Jewellery
 k - a ring of positive energy (left hand)
Scrolls
 c - a scroll of identify {unknown}
 d - a scroll of magic mapping {unknown}
 g - 2 scrolls of vulnerability {unknown}
 i - 3 scrolls of immolation {unknown}
 j - a scroll of enchant weapon {unknown}
 m - a scroll of enchant armour {unknown}
 o - a scroll of fear {unknown}
Potions
 b - 2 potions of magic
 f - 2 potions of berserk rage {unknown}
 h - a potion of mutation {unknown}
 l - a potion of curing {unknown}
 n - 2 potions of degeneration {unknown}


   Skills:
 - Level 2.4 Dodging
 - Level 2.4 Stealth
 + Level 5.7 Spellcasting
 - Level 4.3 Conjurations


You had 10 spell levels left.
You knew the following spells:

 Your Spells              Type           Power      Damage    Failure   Level
a - Magic Dart            Conj           100%       1d8       1%          1
b - Searing Ray           Conj           54%        2d6       1%          2

Your spell library contained the following spells:

 Spells                   Type           Power      Damage    Failure   Level
 Dazzling Flash           Conj/Hex       34%        N/A       10%         3
 Fulminant Prism          Conj/Hex       8%         3d7       32%         4
 Iskenderun's Mystic Bla  Conj/Tloc      17%        2d5       32%         4


Dungeon Overview and Level Annotations

Branches:
Dungeon (2/15)

Altars:

Shops:
D:2 [*

Annotations:
D:2 Robin


Message History

Aim: a hobgoblin (79% to hit)
The searing ray hits the hobgoblin.
The hobgoblin is moderately wounded.
The searing ray hits the goblin!
You kill the goblin! (Press . to maintain the ray.)
The hobgoblin hits you.
The searing ray hits the hobgoblin.
You kill the hobgoblin!
Robin of the Strong Arm comes into view.
They are wielding a +0 dagger and wearing a +1 helmet of intelligence.
Robin is nearby!
The magic dart hits Robin.
Robin is lightly wounded.
Robin shouts!
The magic dart hits Robin.
Robin is moderately wounded.
A goblin comes into view. It is wielding a +0 club. x2
The magic dart hits Robin!
Robin is severely wounded.
The goblin shouts!
Casting: Magic Dart (safe; 1% risk of failure)
Confirm with . or Enter, or press ? or * to list all spells.
Aiming: Searing Ray (safe; 1% risk of failure)
Press: ? - help, Shift-Dir - straight line, f/p - Robin
Aim: Robin, wielding a +0 dagger, wearing a +0 animal skin and wearing a +1 helmet of intelligence (severely wounded, 85% to hit)
The searing ray hits Robin.
Robin is almost dead. (Press . to maintain the ray.)
The searing ray hits Robin.
Robin is almost dead.
Robin throws the goblin at you! The goblin attacks as you move away!
The goblin hits you but does no damage. The goblin attacks as you move away!
The goblin barely misses you.
Robin roars a battlecry!
The goblin goes into a battle-frenzy!
The goblin attacks as you move away! The goblin hits you with a +0 club.
Robin throws the goblin at you! The goblin hits you with a +0 club.
You barely miss the goblin. The goblin completely misses you.
The goblin hits you with a +0 club.
You die...

##################.)
#)......g.g.g)...).#
##†##.##.##########..
###...#.##.# ######
#...#...##.####### .....#
#.#...###g..........
####.# #.##.##
#@........... #.# #.##.#
#g.#####....# #.# #.##.#
#..#()[#...# #.# #.##.#
#.†#$?$#...# #.# #.##.#
#..#:?)#...#### #.#
#.##.# #.†#####.......
##.###.##.# #..........#
#
#.8.<.∩.8.####..........#
#
#..###.......#######.####


You could see Robin and 2 goblins.

Vanquished Creatures
  An adder (D:2)
  2 dart slugs
  2 ball pythons
  3 bats
  7 endoplasms
  3 giant cockroaches
  9 goblins
  3 hobgoblins
  A kobold (D:2)
  2 quokkas (D:1)
  A frilled lizard (D:2)
  4 rats (D:1)
38 creatures vanquished.

Notes
Turn   | Place    | Note
-------+----------+-------------------------------------------
     0 | D:1      | horus123 the Deep Elf Conjurer began the quest for the Orb.
     0 | D:1      | Reached XP level 1. HP: 10/10 MP: 6/6
   236 | D:1      | Reached skill level 4 in Spellcasting
   236 | D:1      | Reached XP level 2. HP: 15/15 MP: 5/9
   458 | D:1      | You fall into a shaft and drop 1 floor!
   462 | D:2      | Learned a level 2 spell: Searing Ray
   537 | D:2      | Reached XP level 3. HP: 19/19 MP: 8/11
   586 | D:2      | Reached skill level 5 in Spellcasting
  1079 | D:2      | Found Xisotuar's Armour Shop.
  1133 | D:2      | Found Hutets's Assorted Antiques.
  1371 | D:2      | Noticed Robin
  1385 | D:2      | Slain by a goblin

Illustrated notes

Levels and vault maps discovered:
D:1:      lightli_molten_gateway, layout_basic
D:2:      minmay_diamond_boxcup, layout_loops_ring, serial_shops, shop,
          nicolae_shop_competitors_out_of_business, shop_statue,
          serial_bayou_pond_a, due_unseen_surprise, uniq_robin

Skill      XL: |  1  2  3 |
---------------+----------+-----
Spellcasting   | 4 5 |  5.7
Dodging        | |  2.4
Stealth        | |  2.4
Conjurations   | |  4.3

Action                   || total
-------------------------++-------
Melee: Unarmed           ||     2
 Cast: Magic Dart        ||    65
       Searing Ray       ||     2
Armor: Robe              ||     1
Dodge: Dodged            ||     3

Table legend: (Time is in decaauts)
 A = Elapsed time spent in this place.
 B = Non-inter-level travel time spent in this place.
 C = Inter-level travel time spent in this place.
 D = Time resting spent in this place.
 E = Time spent auto-exploring this place.
 F = Levels seen in this place.
 G = Mean time per level.
                   A        B        C        D        E       F      G
               +--------+--------+--------+--------+--------+-----+--------+
         Total |   1385 |   1367 |     18 |     40 |   1099 |   2 |  692.5 |
       Dungeon |   1385 |   1367 |     18 |     40 |   1099 |   2 |  692.5 |
               +--------+--------+--------+--------+--------+-----+--------+

Top non-repeatable levels by time:
     D:1: 876 daAuts
     D:2: 508 daAuts
